 Dungeon Crawl Stone Soup version 0.27-a0-1144-g0b7d3b79db (webtiles) character file.

Game seed: 3688658716384375950

368 jien the Skirmisher (level 6, -3/39 HPs)
             Began as a Gargoyle Fighter on May 10, 2021.
             Slain by an ogre
             ... wielding a +0 giant club
              (21 damage)
             ... on level 4 of the Dungeon.
             The game lasted 00:02:54 (2546 turns).

jien the Skirmisher (Gargoyle Fighter)              Turns: 2546, Time: 00:02:54

Health: -3/39      AC: 11    Str: 21    XL:     6   Next: 69%
Magic:  6/6        EV:  7    Int:  9    God:
Gold:   218        SH:  9    Dex:  9    Spells: 5/5 levels left

rFire    . . .     SeeInvis .   a - +0 war axe
rCold    . . .     Faith    .   c - +0 kite shield
rNeg     + . .     Spirit   .   b - +0 scale mail
rPois    ∞         Reflect  .   (no helmet)
rElec    +         Harm     .   (no cloak)
rCorr    .         Rampage  .   (no gloves)
Will     .....                  (no boots)
Stlth    ..........             (no amulet)
HPRegen  0.13/turn              (no ring)
MPRegen  0.10/turn              (no ring)

@: no status effects
A: sickness immunity, AC +4, negative energy resistance 1, electricity
resistance, torment resistance 1, petrification resistance
a: no special abilities


You were on level 4 of the Dungeon.
You visited 1 branch of the dungeon, and saw 3 of its levels.

You collected 218 gold pieces.

Inventory:

Hand Weapons
 a - a +0 war axe (weapon)
Armour
 b - a +0 scale mail (worn)
 c - a +0 kite shield (worn)
Jewellery
 l - an amulet of magic regeneration
Scrolls
 f - 2 scrolls of magic mapping {unknown}
 g - 3 scrolls of identify {unknown}
 i - a scroll of enchant weapon {unknown}
 j - a scroll of immolation {unknown}
Potions
 d - a potion of attraction {unknown}
 e - 2 potions of brilliance {unknown}
 h - 2 potions of curing {unknown}
 k - 2 potions of flight {unknown}


   Skills:
 + Level 4.6 Fighting
 * Level 4.1 Axes
 + Level 4.5 Armour
 + Level 4.5 Shields


You had 5 spell levels left.
You didn't know any spells.
Your spell library was empty.

Dungeon Overview and Level Annotations

Branches:
Dungeon (2/15)

Altars:

Shops:
D:1 *


Innate Abilities, Weirdness & Mutations

You are immune to sickness and miasma.
Your stone body is resilient. (AC +4)
You are immune to poison.
You resist negative energy. (rN+)
You are resistant to electric shocks. (rElec)
You are resistant to unholy torment.
You are immune to petrification.


Message History

No target in view!
No target in view!
No target in view!
No target in view!
No target in view!
Found 21 stones.
Found a short sword.
No target in view!
You open the door.
There is an open door here.
An adder and an ogre come into view.
The adder hisses angrily.
Found 6 curare-tipped darts.
The ogre hits you with a +0 giant club.
You hit the ogre but do no damage. You miss the adder.
You block the adder's attack. The ogre hits you with a +0 giant club!
The adder bites you.
You are too injured to fight recklessly!
You are too injured to fight recklessly!
You are too injured to fight recklessly!
You are too injured to fight recklessly!
You are too injured to fight recklessly!
You are too injured to fight recklessly!
Unknown command.
You completely miss the ogre. You slash the adder! The adder bites you.
The ogre barely misses you. The adder completely misses you.
You barely miss the ogre. You hit the adder.
You kill the adder!
The ogre barely misses you.
You hit the ogre.
The ogre is moderately wounded.
You block the ogre's attack.
You hit the ogre.
The ogre is heavily wounded.
The ogre closely misses you. You block the ogre's attack.
You barely miss the ogre.
The ogre is heavily wounded.
The ogre hits you with a +0 giant club!!
Ouch! That really hurt!
You die...

##..#.........# #.#.# #....
..............# #.#.# #....
#####.........# #.# #....
..............# #.# #....
#########.....# #(# #....
#.....# #.# #....
#.....#######.#.# #....
#.(...'.......#.# #####
###.....##@.....#.# #
#.......##O†....#.#.#######
#.......##(.....#.#........
#....##.##......#.#########
#....##.##......#.# #
#######.##......#.# #
#.##......#.#########
#.#########.......... #.#
###########


You could see an ogre.

Vanquished Creatures
  Eustachio (D:4)
  A scorpion (D:4)
  A hound (D:4)
  Jessica (D:2)
  Natasha (D:2)
  A gnoll (D:1)
  2 adders
  2 adder skeletons (D:4)
  A worm (D:4)
  A dart slug (D:2)
  5 endoplasms
  2 giant cockroaches
  3 hobgoblins (D:2)
  9 jackals
  2 kobolds (D:2)
  2 quokkas (D:1)
  11 ball pythons
  3 bats (D:1)
  2 frilled lizards
  4 goblins
  4 rats (D:1)
59 creatures vanquished.

Vanquished Creatures (others)
  7 fungi (D:2)
  6 toadstools (D:2)
13 creatures vanquished.

Grand Total: 72 creatures vanquished

Notes
Turn   | Place    | Note
-------+----------+-------------------------------------------
     0 | D:1      | jien the Gargoyle Fighter began the quest for the Orb.
     0 | D:1      | Reached XP level 1. HP: 14/14 MP: 1/1
   198 | D:1      | Reached XP level 2. HP: 19/19 MP: 2/2
   560 | D:1      | Found Qiuneph's Assorted Antiques.
   644 | D:1      | Reached XP level 3. HP: 13/23 MP: 3/3
  1369 | D:2      | Noticed Jessica
  1380 | D:2      | Killed Jessica
  1381 | D:2      | Reached XP level 4. HP: 25/29 MP: 4/4
  1466 | D:2      | Noticed Natasha
  1477 | D:2      | Killed Natasha
  1831 | D:2      | Reached XP level 5. HP: 30/33 MP: 5/5
  1897 | D:2      | You fall into a shaft and drop 2 floors!
  1897 | D:4      | Noticed Eustachio
  1935 | D:4      | Killed Eustachio
  1936 | D:4      | Reached XP level 6. HP: 11/39 MP: 6/6
  2546 | D:4      | Slain by an ogre

Illustrated notes

Levels and vault maps discovered:
D:1:      minmay_arrival_shoal_huts, layout_basic, serial_shops,
          nicolae_shop_overgrown_old_shop
D:2:      layout_basic, minmay_gold_behind_fungi, minmay_ruptured, uniq_jessica,
          uniq_natasha
D:4:      layout_basic, uniq_eustachio

Skill      XL: |  1  2  3  4  5 |
---------------+----------------+-----
Axes           | 2 3 4 |  4.1
Shields        | 4 |  4.5
Fighting       | 4 |  4.6
Armour         | 4 |  4.5

Action                   |  1- 3 |  4- 6 || total
-------------------------+-------+-------++-------
Melee: War axe           |   105 |    73 ||   178
  Use: Potion            |       |     1 ||     1
Armor: Scale mail        |    71 |    38 ||   109
Dodge: Dodged            |    36 |    31 ||    67
Block: Kite shield       |    72 |    50 ||   122

Table legend: (Time is in decaauts)
 A = Elapsed time spent in this place.
 B = Non-inter-level travel time spent in this place.
 C = Inter-level travel time spent in this place.
 D = Time resting spent in this place.
 E = Time spent auto-exploring this place.
 F = Levels seen in this place.
 G = Mean time per level.
                   A        B        C        D        E       F      G
               +--------+--------+--------+--------+--------+-----+--------+
         Total |   2657 |   2637 |     20 |      0 |   2200 |   3 |  885.7 |
       Dungeon |   2657 |   2637 |     20 |      0 |   2200 |   3 |  885.7 |
               +--------+--------+--------+--------+--------+-----+--------+

Top non-repeatable levels by time:
     D:1: 1075 daAuts
     D:2: 906 daAuts
     D:4: 675 daAuts
